 Seeded DCSS version 0.29.1-2-gbd0b4ee654 (webtiles) character file.

Game seed: 19941 (custom seed)

349547 Ashen the Lord of Darkness (level 21, -6/168 HPs)
             Began as a Demonspawn Necromancer on Oct 29, 2022.
             Was the Champion of Kikubaaqudgha.
             Mangled by an ironbound frostheart (20 damage)
             ... on level 4 of the Vaults on Oct 30, 2022.
             The game lasted 03:52:18 (56435 turns).

Ashen the Lord of Darkness (DsNe)                  Turns: 56435, Time: 03:52:23

Health: -6/168     AC:  8    Str:  9    XL:     21   Next: 25%
Magic:  40/40      EV: 21    Int: 32    God:    Kikubaaqudgha [******]
Gold:   3004       SH:  5    Dex: 10    Spells: 4/50 levels left

rFire   + + +      SeeInvis +   M - +9 scimitar (spect)
rCold   . . .      Faith    .   W - +0 buckler "Uczin" {rF++ Str+2}
rNeg    + . .      Spirit   .   Q - +1 leather armour "Jufiosk" {+Blink rPois rN+ rCorr}
rPois   +          Reflect  .   h - +0 hat "Nafusaluo" {rElec rF+ Will+++ Str-2}
rElec   +          Harm     .   (cloak unavailable)
rCorr   +          Rampage  .   l - +2 pair of gloves
Will    +++++                   m - +0 pair of boots "Wuen" {Will+ Int+2 Dex-4}
Stlth   +++.......              K - amulet "Okhor" {RegenMP Int+3 Stlth+}
HPRegen 0.38/turn               U - ring of willpower
MPRegen 0.67/turn               H - ring of see invisible

@: agile, frozen, studying 2 skills, very slow
A: powered by death 2, powered by pain 3, augmentation 1, sturdy frame 3,
weakness stinger 3
}: 2/15 runes: barnacled, gossamer
a: Renounce Religion, Evoke Blink, Unearth Wretches, Torment


You were on level 4 of the Vaults.
You worshipped Kikubaaqudgha.
Kikubaaqudgha was exalted by your worship.
You visited 7 branches of the dungeon, and saw 35 of its levels.
You also visited: Bailey and Gauntlet.

You collected 4352 gold pieces.
You spent 1348 gold pieces at shops.

Inventory:

Hand Weapons
 M - a +9 spectral scimitar (weapon)
Missiles
 n - 5 silver javelins
 G - 24 javelins
Armour
 h - the +0 hat "Nafusaluo" (worn) {rElec rF+ Will+++ Str-2}
   (You found it in a Gauntlet)

   Str:       It affects your strength (-2).
   rF:        It protects you from fire.
   rElec:     It insulates you from electricity.
   Will:      It greatly increases your willpower.
 l - a +2 pair of gloves (worn)
 m - the +0 pair of boots "Wuen" (worn) {Will+ Int+2 Dex-4}
   (You found it on level 3 of the Spider Nest)

   Int:       It affects your intelligence (+2).
   Dex:       It affects your dexterity (-4).
   Will:      It increases your willpower.
 Q - the +1 leather armour "Jufiosk" (worn) {+Blink rPois rN+ rCorr}
   (You bought it in a shop on level 1 of the Dungeon)

   rPois:     It protects you from poison.
   rN:        It protects you from negative energy.
   +Blink:    It lets you blink.
   rCorr:     It protects you from acid and corrosion.
 W - the +0 buckler "Uczin" (worn) {rF++ Str+2}
   (You found it in a Gauntlet)

   Str:       It affects your strength (+2).
   rF:        It greatly protects you from fire.
Jewellery
 H - a ring of see invisible (right hand)
 K - the amulet "Okhor" (around neck) {RegenMP Int+3 Stlth+}
   (You found it on level 2 of the Lair of Beasts)

   [amulet of magic regeneration]

   It increases your rate of magic regeneration.
   Int:       It affects your intelligence (+3).
   Stlth:     It makes you more stealthy.
 U - a ring of willpower (left hand)
Wands
 b - a wand of acid (6)
 f - a wand of mindburst (24)
 v - a wand of digging (18)
 F - a wand of polymorph (9)
 N - a wand of iceblast (20)
 Y - a wand of charming (12)
Scrolls
 c - 2 scrolls of enchant weapon
 e - 9 scrolls of amnesia
 g - 4 scrolls of magic mapping
 k - 9 scrolls of immolation
 q - a scroll of summoning
 r - 3 scrolls of vulnerability
 u - 2 scrolls of torment
 y - 5 scrolls of fear
 A - 4 scrolls of enchant armour
 B - 10 scrolls of butterflies
 C - 5 scrolls of poison
 I - 4 scrolls of acquirement
 O - 12 scrolls of teleportation
 V - a scroll of blinking
 Z - a scroll of brand weapon
Potions
 a - 13 potions of curing
 d - 7 potions of flight
 i - 2 potions of heal wounds
 j - 3 potions of mutation
 p - 7 potions of ambrosia
 s - 2 potions of invisibility
 t - 6 potions of haste
 w - 2 potions of berserk rage
 z - 3 potions of magic
 E - 6 potions of brilliance
 J - 6 potions of might
 P - 8 potions of attraction
 S - 4 potions of cancellation
 T - 2 potions of lignification
 X - 3 potions of resistance
Miscellaneous
 o - a phial of floods
 x - a lightning rod (4/4)
 D - a phantom mirror
 L - a condenser vane
 R - a tin of tremorstones (2/2)


   Skills:
 - Level 15.0 Fighting
 - Level 15.0 Dodging
 - Level 3.0 Stealth
 - Level 5.0 Shields
 - Level 15.0 Spellcasting
 - Level 5.0 Hexes
 - Level 12.0 Summonings
 - Level 18.0 Necromancy
 * Level 16.1 Fire Magic
 - Level 5.0 Evocations


You had 4 spell levels left.
You knew the following spells:

 Your Spells              Type           Power      Damage    Failure   Level
a - Anguish               Hex/Necr       39%        N/A       1%          4
b - Vampiric Draining     Necr           95%        2d12      0%          3
c - Animate Dead          Necr           95%        N/A       0%          4
d - Call Canine Familiar  Summ           79%        N/A       1%          3
e - Death Channel         Necr           47%        N/A       1%          6
f - Borgnjor's Vile Clut  Necr/Erth      34%        N/A       1%          5
g - Summon Cactus Giant   Summ           39%        N/A       2%          6
h - Haunt                 Necr/Summ      44%        N/A       4%          7
i - Ignition              Fire           45%        3d13      21%         8

Your spell library contained the following spells:

 Spells                   Type           Power      Damage    Failure   Level
 Necrotise                Necr           100%       1d9       0%          1
 Summon Small Mammal      Summ           100%       N/A       0%          1
 Sublimation of Blood     Necr           95%        N/A       0%          2
 Slow                     Hex            100%       N/A       1%          1
 Ensorcelled Hibernation  Hex/Ice        80%        N/A       1%          2
 Confusing Touch          Hex            54%        N/A       1%          3
 Conjure Flame            Conj/Fire      66%        6-21      1%          3
 Ignite Poison            Fire/Tmut/Pois 55%        N/A       1%          3
 Summon Guardian Golem    Hex/Summ       68%        N/A       1%          3
 Tukima's Dance           Hex            54%        N/A       1%          3
 Animate Armour           Summ/Erth      100%       N/A       1%          4
 Corpse Rot               Necr/Pois/Air  58%        N/A       1%          4
 Sticky Flame             Conj/Fire      66%        2d8       1%          4
 Summon Lightning Spire   Summ/Air       58%        N/A       1%          4
 Apportation              Tloc           48%        N/A       2%          1
 Sandblast                Erth           48%        2d12      2%          1
 Portal Projectile        Hex/Tloc       80%        N/A       2%          3
 Passwall                 Tmut/Erth      20%        N/A       3%          2
 Poisonous Vapours        Pois/Air       48%        N/A       3%          2
 Static Discharge         Conj/Air       24%        3-6/arc   3%          2
 Cause Fear               Hex            27%        N/A       3%          4
 Mephitic Cloud           Conj/Pois/Air  24%        N/A       7%          3
 Spider Form              Tmut/Pois      24%        N/A       7%          3
 Stone Arrow              Conj/Erth      48%        3d10      7%          3
 Leda's Liquefaction      Hex/Erth       20%        N/A       9%          4
 Airstrike                Air            12%        2d(2-18)  22%         4
 Petrify                  Tmut/Erth      24%        N/A       22%         4
 Agony                    Necr           95%        N/A       1%          5
 Summon Mana Viper        Hex/Summ       68%        N/A       1%          5
 Fireball                 Conj/Fire      33%        3d14      2%          5
 Summon Forest            Summ/Tloc      29%        N/A       5%          5
 Simulacrum               Ice/Necr       34%        N/A       9%          6
 Borgnjor's Revivificati  Necr           47%        N/A       10%         8
 Infestation              Necr           47%        N/A       10%         8
 Starburst                Conj/Fire      33%        6d10      13%         6
 Summon Hydra             Summ           39%        N/A       14%         7
 Blade Hands              Tmut           12%        N/A       54%         5
 Freezing Cloud           Conj/Ice/Air   12%        6-21      54%         5
 Irradiate                Conj/Tmut      12%        3d15      54%         5
 Lee's Rapid Deconstruct  Erth           12%        3d9*      54%         5
 Lightning Bolt           Conj/Air       12%        1d25      54%         5
 Death's Door             Necr           47%        N/A       82%         9
 Eringya's Noxious Bog    Tmut/Pois      12%        N/A       98%         6
 Iron Shot                Conj/Erth      12%        9d3       98%         6
 Statue Form              Tmut/Erth      16%        N/A       98%         6
 Necromutation            Tmut/Necr      34%        N/A       98%         8
 Dragon Form              Tmut           12%        N/A       100%        7
 Storm Form               Tmut/Air       12%        N/A       100%        7
 Maxwell's Capacitive Co  Air            12%        ∞         100%        8
 Dragon's Call            Summ           39%        N/A       100%        9


Dungeon Overview and Level Annotations

Branches:
Dungeon (15/15)            Temple (1/1) D:5            Lair (5/5) D:9
 Shoals (4/4) Lair:3       Spider (4/4) Lair:2        Slime (0/5) Lair:4
    Orc (2/2) D:10            Elf (0/3) Orc:2        Vaults (4/5) D:13
  Crypt (0/3) Vaults:2     Depths (0/4) D:15         Bailey (visited)
Gauntlet (visited)

Altars:
Ashenzari
Cheibriados
Dithmenos
Fedhas
Gozag
Hepliaklqana
Kikubaaqudgha
Makhleb
Nemelex Xobeh
Okawaru
Qazlal
Ru
Sif Muna
Trog
Uskayaw
Vehumet
Wu Jian
Xom
Yredelemnul
Jiyva
Lugonu

Shops:
D:1 ([*   D:3 *   D:5 :   D:6 *   D:9 *   D:10 *   D:11 =   D:15 [   Orc:1 ::
Orc:2 ?*[[   Shoals:1 [   Vaults:3 *

Annotations:
D:9 exclusion: oklob sapling
D:14 1 transporter
Lair:2 3 runed translucent doors, p0werm0de's ghost, journeyman OpMo
Shoals:2 2 transporters, MisterFreud's ghost, journeyman FeBe


Innate Abilities, Weirdness & Mutations

You regenerate health from kills.
You are powered by pain.
Your magical and physical power is slightly enhanced at high health.
Your movements are significantly less encumbered by armour. (ER -6)
You have a sharp stinger which inflicts weakening toxins.


Message History

The ironbound frostheart is heavily wounded.
The zombie hands constrict the ironbound frostheart.
The ironbound frostheart touches you. The ironbound frostheart freezes you!!
Unknown command.
You slice the ironbound frostheart!!
The ironbound frostheart is almost dead.
The zombie hands constrict the ironbound frostheart!
You kill the ironbound frostheart!
Kikubaaqudgha accepts your kill. The ironbound frostheart touches you!
The ironbound frostheart freezes you!!
The ironbound frostheart calls freezing cold from the walls.
The frost grips you!
Casting: Borgnjor's Vile Clutch (mildly dangerous; 1% risk of failure)
Confirm with . or Enter, or press ? or * to list all spells.
Aiming: Borgnjor's Vile Clutch (mildly dangerous; 1% risk of failure)
Press: ? - help, Shift-Dir - straight line, f - ironbound frostheart
Aim: an ironbound frostheart, wearing a +0 ring mail (100% to hit)
Zombie hands grab the ironbound frostheart.
The ice encasing you melts away.
The zombie hands constrict the ironbound frostheart!
The ironbound frostheart touches you!
* * * LOW HITPOINT WARNING * * *
The ironbound frostheart freezes you!!
* * * LOW HITPOINT WARNING * * *
You focus on the pain.
You feel your power returning.
You feel much better.
The zombie hands constrict the ironbound frostheart!
The ironbound frostheart calls freezing cold from the walls.
The frost grips you!!!
* * * LOW HITPOINT WARNING * * *
You focus on the pain.
You feel agile all of a sudden.
You are encased in ice.
You feel much better.
The zombie hands constrict the ironbound frostheart.
The ironbound frostheart touches you.
* * * LOW HITPOINT WARNING * * *
The ironbound frostheart freezes you!!
You die...
Kikubaaqudgha rasps: "You have failed me!
Welcome... death!"

# #####.# #
#...# # ###.# #
#.# # #.#
######## #.#
.......# ###
###.# .#.....#
#[# #...#
###....#
.#####@#####.#
.......#
#.....p......?#
....#..#
#######+#######
....##.#
....#..#
.......#
###....#
.#.....#
.......#


You could see an ironbound frostheart (clutched).

Vanquished Creatures
  A tengu reaver (Vaults:3)
  A vault warden (Vaults:2)
  A fire giant (Vaults:2)
  An orc warlord (Orc:2)
  2 ghost moths
  2 ironbound thunderhulks (Vaults:4)
  6 ironbound preservers
  5 dire elephants
  Azrael (D:13)
  An entropy weaver (Spider:1)
  A fire dragon (Lair:5)
  A yaktaur captain (Vaults:2)
  A great orb of eyes (Vaults:1)
  7 vault guards
  An ogre mage (Vaults:2)
  3 two-headed ogres
  2 boulder beetles (D:13)
  A satyr (Shoals:4)
  2 centaur warriors
  A jorogumo (Spider:4)
  5 ironbound frosthearts
  3 death yaks (Lair:4)
  5 orc high priests
  A soul eater (Gauntlet)
  17 deep trolls
  A sea snake (Shoals:1)
  A sun moth (Spider:4)
  A pharaoh ant (Spider:4)
  A shadow wraith (D:13)
  7 harpies
  2 wizards
  5 lindwurms
  A deep elf pyromancer (D:8)
  5 ironbound convokers
  5 orc knights
  7 manticores
  4 wolf spiders
  5 orc sorcerers
  7 ugly things
  A faun (Shoals:4)
  4 elephants
  2 cyclopes
  A merfolk siren (Shoals:1)
  5 vault sentinels
  A water nymph (Shoals:4)
  3 torpor snails
  A gargoyle (D:12)
  An unseen horror (D:13)
  8 cane toads
  3 kobold demonologists (D:10)
  A rime drake (Lair:5)
  A freezing wraith (Vaults:3)
  4 yaktaurs
  2 demonic crawlers
  2 komodo dragons
  3 trolls
  A polar bear (Lair:2)
  3 hornets (Lair:5)
  3 meliai
  4 merfolk
  A wind drake (Lair:3)
  3 slime creatures
  9 tarantellas
  3 blink frogs
  A tyrant leech (Lair:5)
  2 dream sheep
  6 culicivoras
  6 jumping spiders
  3 wraiths
  5 yaks (Lair:5)
  2 fire elementals (D:13)
  4 nameless horrors
  3 wyverns
  3 hogs (Lair:4)
  3 basilisks
  15 redbacks
  Menkaure (D:6)
  3 wargs (Orc:2)
  Duvessa (D:4)
  5 water moccasins
  2 acid dragons
  31 orc warriors
  2 ice beasts (D:7)
  A wolf (Lair:2)
  A black bear (D:9)
  7 ogres
  3 boggarts (Vaults:2)
  3 centaurs
  A wyvern zombie (D:7)
  2 scorpions
  7 bullfrogs
  A gnoll sergeant (D:9)
  2 necrophages
  2 wights (D:6)
  Dowan (D:4)
  A killer bee (D:11)
  An electric eel (Lair:3)
  3 howler monkeys (D:10)
  A centaur zombie (D:7)
  3 jellies
  2 hounds
  16 orc priests
  A gnoll bouda (Orc:1)
  2 iguanas (D:6)
  22 orc wizards
  2 killer bee zombies (D:7)
  16 gnolls
  12 adders
  2 shadow imps (Gauntlet)
  2 white imps
  An ufetubus (D:5)
  2 worms (D:3)
  4 dart slugs
  86 orcs
  8 endoplasms
  4 giant cockroaches
  15 goblins
  11 hobgoblins
  5 kobolds
  2 quokkas (D:1)
  5 ball pythons
  7 bats
  6 frilled lizards
  12 rats
577 creatures vanquished.

Vanquished Creatures (collateral kills)
  Arachne (Spider:4)
  3 sphinxes
  Kirke (Lair:4)
  Roxanne (Spider:4)
  A shadow dragon (Vaults:2)
  A frost giant (Vaults:2)
  3 emperor scorpions
  An orc warlord (Vaults:4)
  7 vault wardens
  4 ghost moths
  2 war gargoyles
  2 stone giants
  3 broodmothers
  13 ironbound preservers
  10 ironbound thunderhulks
  10 dire elephants
  The ghost of MisterFreud the Acrobat, a journeyman FeBe of Trog (Vaults:1)
  4 entropy weavers
  A minotaur (Shoals:4)
  A deep elf death mage (Vaults:2)
  A crystal guardian (Vaults:2)
  A fire dragon (Lair:5)
  An eidolon (Vaults:1)
  Josephine (Shoals:1)
  A merfolk impaler (Shoals:4)
  4 yaktaur captains
  3 great orbs of eyes
  10 vault guards
  A hydra (D:13)
  2 peacekeepers
  An ogre mage (Orc:2)
  A boulder beetle (D:11)
  A jorogumo (Spider:3)
  2 ironbound frosthearts
  2 centaur warriors
  A merfolk aquamancer (Shoals:1)
  5 two-headed ogres
  7 death yaks (Lair:4)
  An alligator snapping turtle (Shoals:3)
  An orc high priest (Orc:2)
  4 satyrs (Shoals:4)
  4 sea snakes
  2 pharaoh ants (Spider:2)
  A sun moth (Spider:4)
  6 orb spiders
  A flayed ghost (Vaults:1)
  2 glowing orange brains
  27 deep trolls
  A swamp dragon (Lair:5)
  6 lindwurms
  A phantasmal warrior (Vaults:2)
  4 wizards
  6 harpies
  3 deep elf pyromancers
  A necromancer (D:13)
  8 ironbound convokers
  2 orc knights (Vaults:4)
  5 ugly things
  A broodmother zombie (Spider:3)
  13 wolf spiders
  9 fauns
  16 manticores
  A moth of wrath (shapeshifter) (Vaults:2)
  A cyclops (shapeshifter) (Vaults:2)
  2 cyclopes
  A black mamba (Lair:4)
  5 moths of wrath
  10 elephants
  4 vault sentinels
  4 merfolk sirens
  6 torpor snails
  6 water nymphs
  A guardian serpent (Vaults:2)
  A cane toad (shapeshifter) (D:13)
  6 cane toads
  2 rime drakes (Lair:5)
  A rime drake (shapeshifter) (Vaults:2)
  A freezing wraith (Vaults:1)
  7 demonic crawlers
  A tengu conjurer (D:15)
  4 yaktaurs
  7 komodo dragons
  8 merfolk
  Prince Ribbit (Lair:3)
  A meliai (Spider:4)
  2 trolls
  2 polar bears
  2 wind drakes
  11 tarantellas
  5 hornets
  11 dream sheep
  7 snapping turtles
  16 blink frogs
  13 slime creatures
  A slime creature (shapeshifter) (Vaults:3)
  5 wraiths
  12 culicivoras
  20 jumping spiders
  9 water elementals
  12 yaks
  4 hogs (Lair:4)
  4 basilisks
  2 steam dragons (Lair:5)
  42 redbacks
  4 fire elementals (D:13)
  A warg (Orc:2)
  7 water moccasins
  2 acid dragons (Lair:5)
  A hell hound (D:13)
  5 black bears
  2 swamp drakes (Lair:5)
  5 orc warriors
  An ice beast (D:8)
  A manticore zombie (Shoals:4)
  4 ogres
  2 wolves
  2 boggarts (Vaults:2)
  4 centaurs
  2 nameless horrors
  2 kobold brigands (D:9)
  5 bullfrogs
  A gnoll sergeant (D:11)
  2 wights (D:7)
  2 killer bees (D:11)
  2 electric eels
  A centaur zombie (D:7)
  A bullfrog zombie (D:7)
  4 jellies
  2 hounds
  3 orc priests (Orc:2)
  2 iguanas
  5 orc wizards
  A gnoll (D:11)
  2 adders (D:9)
  2 shadow imps (Gauntlet)
  A dart slug (D:2)
  34 orcs
  2 ball pythons (D:9)
  An endoplasm (Lair:4)
  A goblin (Bailey)
  6 kobolds (D:9)
  2 rats (D:2)
  3 butterflies
631 creatures vanquished.

Vanquished Creatures (others)
  2 sphinxes
  3 emperor scorpions (Spider:4)
  2 vault wardens
  Louise (Spider:1)
  A broodmother (Spider:2)
  2 ironbound preservers
  2 ironbound thunderhulks
  2 dire elephants (Vaults:2)
  2 minotaurs
  4 ettins
  A deep elf high priest (Vaults:2)
  2 merfolk impalers (Shoals:4)
  An ice dragon (D:13)
  2 vault guards (Vaults:1)
  3 boulder beetles
  A hydra (D:15)
  A merfolk aquamancer (Shoals:2)
  2 ironbound frosthearts (Vaults:3)
  A centaur warrior (D:13)
  3 two-headed ogres
  A death yak (Lair:4)
  A deep troll earth mage (Vaults:2)
  6 satyrs (Shoals:4)
  A sun moth (Spider:4)
  7 deep trolls
  4 steelbarb worms
  2 sea snakes (Shoals:3)
  An orb spider (Spider:1)
  3 lindwurms
  A lindwurm (shapeshifter) (Vaults:2)
  2 wizards
  4 manticores
  3 harpies
  3 wolf spider zombies
  A broodmother zombie (Spider:3)
  4 wolf spiders
  3 fauns (Shoals:4)
  2 ugly things (Vaults:2)
  3 orc knights
  An orc sorcerer (Orc:2)
  3 cyclopes
  3 elephants
  A water nymph (Shoals:3)
  2 torpor snails (Lair:5)
  9 dire elephant zombies
  2 vault sentinels
  A gargoyle (D:8)
  2 yaktaur zombies
  An unseen horror (D:10)
  A cane toad (Lair:1)
  2 sea snake zombies
  5 yaktaurs
  10 redback zombies
  2 komodo dragons
  An efreet (D:8)
  A harpy zombie (Shoals:4)
  An unseen horror zombie (D:13)
  2 demonic crawler zombies (Spider:3)
  A troll (Orc:2)
  2 hydra zombies
  3 meliai (Spider:4)
  9 merfolk
  2 tyrant leeches (Lair:5)
  2 tarantellas (Spider:3)
  A wind drake (Shoals:4)
  2 culicivora zombies
  4 jumping spider zombies
  2 snapping turtles
  5 hornets
  4 dream sheep
  A great orb of eyes zombie (Vaults:3)
  A satyr zombie (Shoals:4)
  4 tarantella zombies (Spider:3)
  7 blink frogs
  4 jumping spiders
  6 human zombies
  A sun moth zombie (Spider:4)
  3 slime creature zombies (Vaults:1)
  2 culicivoras (Spider:4)
  A black mamba zombie (Lair:4)
  A wyvern (D:10)
  An elf zombie (Vaults:2)
  A vampire (D:8)
  6 yaks
  5 redbacks
  5 faun zombies (Shoals:4)
  A warg (Orc:1)
  A two-headed ogre zombie (Orc:2)
  9 merfolk zombies
  12 deep troll zombies
  3 cane toad zombies
  11 orc warriors
  4 ogres
  6 elephant zombies (Lair:5)
  A lindwurm zombie (Vaults:1)
  A snapping turtle zombie (Shoals:4)
  5 blink frog zombies
  3 manticore zombies
  2 centaurs (D:13)
  2 wolves (Lair:2)
  5 hog zombies (Lair:4)
  2 rime drake zombies
  2 komodo dragon zombies
  2 bullfrogs (D:9)
  A cyclops zombie (D:8)
  4 water moccasin zombies
  2 warg zombies (Orc:2)
  A troll zombie (D:13)
  4 yak zombies
  5 killer bees (D:11)
  5 wolf zombies
  3 electric eels (Bailey)
  8 bullfrog zombies
  7 centaur zombies
  2 black bear zombies
  8 orc priests
  An iguana (Lair:5)
  2 orc wizards (Orc:2)
  2 ogre zombies (Orc:2)
  An ice beast zombie (D:8)
  2 hound zombies
  4 gnolls
  A jelly zombie (D:6)
  An adder zombie (D:4)
  11 orcs
  2 gnoll zombies (Bailey)
  A hobgoblin (Bailey)
  2 ball pythons (D:9)
  An endoplasm zombie (Lair:4)
  2 goblin zombies (Bailey)
  2 hobgoblin zombies (Bailey)
  2 kobolds (D:9)
  62 orc zombies
  6 demonic plants (D:10)
  65 fungi
  145 plants
  A withered plant (D:7)
664 creatures vanquished.

Grand Total: 1872 creatures vanquished

Notes
Turn   | Place    | Note
-------+----------+-------------------------------------------
     0 | D:1      | Ashen the Demonspawn Necromancer began the quest for the
                  | Orb.
     0 | D:1      | Reached XP level 1. HP: 13/13 MP: 3/3
   203 | D:1      | Found Riotof's Antique Weapon Shop.
   276 | D:1      | Gained mutation: Your movements are slightly less
                  | encumbered by armour. (ER -2) [demonic ancestry]
   276 | D:1      | Reached XP level 2. HP: 7/19 MP: 0/5
   924 | D:1      | Found Vypiut's Assorted Antiques.
   935 | D:1      | Found Marruhor's Antique Armour Shoppe.
  1027 | D:1      | Gained mutation: You have a small tail. [demonic ancestry]
  1027 | D:1      | Reached XP level 3. HP: 25/25 MP: 3/6
  1127 | D:1      | Found a faded altar of an unknown god.
  1366 | D:2      | Learned a level 3 spell: Vampiric Draining
  1486 | D:2      | Reached skill level 1 in Fighting
  1511 | D:2      | You fall into a shaft and drop 1 floor!
  1597 | D:3      | Reached XP level 4. HP: 32/32 MP: 7/7
  2006 | D:2      | Reached skill level 5 in Necromancy
  2470 | D:3      | Gained mutation: You regenerate a little health from kills.
                  | [demonic ancestry]
  2470 | D:3      | Reached XP level 5. HP: 37/37 MP: 9/9
  2475 | D:3      | Learned a level 4 spell: Animate Dead
  2581 | D:3      | Found a blossoming altar of Fedhas.
  2673 | D:3      | Found Deropsou's Assorted Antiques.
  2742 | D:3      | Found a hazy altar of Hepliaklqana.
  2828 | D:4      | Noticed Duvessa
  2828 | D:4      | Noticed Dowan
  3032 | D:4      | Killed Duvessa
  3033 | D:4      | Gained mutation: You regenerate health from kills. [demonic
                  | ancestry]
  3033 | D:4      | Reached XP level 6. HP: 32/46 MP: 2/10
  3037 | D:4      | Killed Dowan
  3487 | D:4      | HP: 2/46 [acid (7)]
  4439 | D:5      | Entered Level 5 of the Dungeon
  4467 | D:5      | Reached XP level 7. HP: 44/52 MP: 9/12
  4561 | D:5      | Reached skill level 6 in Necromancy
  4734 | D:5      | Learned a level 3 spell: Call Canine Familiar
  4913 | D:5      | Found a staircase to the Ecumenical Temple.
  4936 | Temple   | Entered the Ecumenical Temple
  5038 | Temple   | Became a worshipper of Kikubaaqudgha
  5296 | D:5      | Found Neanacku's Book Shoppe.
  5333 | D:5      | Found a large runed translucent door.
  5339 | D:5      | Found a large runed translucent door.
  5374 | D:5      | Found a bloodstained altar of Trog.
  5385 | D:5      | Found a radiant altar of Vehumet.
  5454 | D:6      | Found Imosk's Fire Supplies.
  5582 | D:6      | Noticed a nameless horror
  5697 | D:6      | Reached skill level 1 in Summonings
  5820 | D:6      | Killed a nameless horror
  5969 | D:6      | Found a sparkling altar of Nemelex Xobeh.
  6081 | D:6      | Noticed Menkaure
  6096 | D:6      | Killed Menkaure
  6097 | D:6      | Gained mutation: Your movements are less encumbered by
                  | armour. (ER -4) [demonic ancestry]
  6097 | D:6      | Reached XP level 8. HP: 24/60 MP: 14/14
  7044 | D:7      | Found a shimmering altar of Xom.
  7044 | D:7      | Found a shimmering altar of Xom.
  7044 | D:7      | Found a shimmering altar of Xom.
  7044 | D:7      | Found a shimmering altar of Xom.
  7445 | D:7      | Reached skill level 7 in Necromancy
  7654 | D:7      | Reached skill level 5 in Spellcasting
  7658 | D:7      | Reached skill level 5 in Dodging
  7665 | D:7      | Reached skill level 5 in Fighting
  7684 | D:7      | Reached * piety under Kikubaaqudgha
  7684 | D:7      | Received a gift from Kikubaaqudgha
  7769 | D:7      | Learned a level 4 spell: Anguish
  7856 | D:7      | Gained mutation: You have a tail ending in a sharp stinger.
                  | [demonic ancestry]
  7856 | D:7      | Reached XP level 9. HP: 55/68 MP: 14/16
  7934 | D:7      | Reached skill level 1 in Hexes
  7990 | D:7      | Found a shimmering altar of Xom.
  7990 | D:7      | Found a shimmering altar of Xom.
  7990 | D:7      | Found a shimmering altar of Xom.
  8311 | D:7      | Noticed an elephant
  8311 | D:7      | a jumping spider changed into an elephant
  8428 | D:7      | Noticed a komodo dragon
  8437 | D:7      | Noticed a yaktaur
  8437 | D:7      | a komodo dragon changed into a yaktaur
  8440 | D:7      | a yaktaur changed into a culicivora
  8586 | D:7      | Noticed a two-headed ogre
  9022 | D:8      | Noticed a cyclops
  9026 | D:8      | Noticed a gargoyle
  9028 | D:8      | Noticed a deep elf pyromancer
  9032 | D:8      | Killed a cyclops
  9240 | D:8      | Killed a deep elf pyromancer
  9241 | D:8      | Reached skill level 8 in Necromancy
  9252 | D:8      | Noticed a boulder beetle
  9562 | D:8      | Killed a gargoyle
  9696 | D:8      | Killed a boulder beetle
  9697 | D:8      | Reached skill level 5 in Summonings
  9697 | D:8      | Gained mutation: Your magical and physical power is
                  | slightly enhanced at high health. [demonic ancestry]
  9697 | D:8      | Reached XP level 10. HP: 45/77 MP: 7/19
 10334 | D:8      | Identified the +10 shortbow "Feajaxif" {flame, Dex+6}
 11615 | D:9      | Reached skill level 9 in Necromancy
 11619 | D:9      | Found a staircase to the Lair.
 11647 | D:9      | Reached ** piety under Kikubaaqudgha
 11886 | D:9      | Found an ornate altar of the Wu Jian Council.
 11900 | D:9      | Found a burning altar of Makhleb.
 11904 | D:9      | Found a sacrificial altar of Ru.
 12111 | D:9      | Found Biqo's Assorted Antiques.
 12208 | D:9      | Bought a potion of curing for 90 gold pieces
 12797 | D:9      | Reached XP level 11. HP: 38/86 MP: 4/22
 13091 | D:10     | Entered Level 10 of the Dungeon
 13091 | D:10     | Found Hucsomygg's Assorted Antiques.
 13112 | D:10     | Bought a scroll of identify for 46 gold pieces
 13296 | D:10     | Found a flagged portal.
 13341 | D:10     | Reached *** piety under Kikubaaqudgha
 13341 | D:10     | Received a gift from Kikubaaqudgha
 13347 | Bailey   | Entered a bailey
 13644 | Bailey   | Found an iron altar of Okawaru.
 13644 | Bailey   | Noticed an orc high priest
 13644 | Bailey   | Noticed an orc high priest
 13727 | Bailey   | Noticed an orc knight
 13735 | Bailey   | Killed an orc knight
 13736 | Bailey   | Reached skill level 10 in Necromancy
 13995 | Bailey   | Learned a level 6 spell: Death Channel
 14001 | Bailey   | Learned a level 5 spell: Borgnjor's Vile Clutch
 14437 | Bailey   | Noticed a sun demon
 14681 | Bailey   | Killed an orc high priest
 14766 | Bailey   | Noticed a sun demon
 14768 | Bailey   | Noticed a sixfirhy
 14770 | Bailey   | Killed an orc high priest
 15045 | D:10     | Found a corrupted altar of Lugonu.
 15206 | D:10     | Found a staircase to the Orcish Mines.
 15229 | D:10     | Reached **** piety under Kikubaaqudgha
 15692 | D:10     | Found an opulent altar of Gozag.
 16253 | D:1      | Bought a scroll labelled USU WATWOGES for 30 gold pieces
 16253 | D:1      | Bought a jewelled leather armour for 210 gold pieces
 16253 | D:1      | Identified the +1 leather armour "Jufiosk" {+Blink rPois
                  | rN+ rCorr} (You bought it in a shop on level 1 of the
                  | Dungeon)
 16253 | D:1      | Bought a fizzy clear potion for 27 gold pieces
 16253 | D:1      | Bought a scroll of identify for 60 gold pieces
 16648 | D:11     | Found Berr's Jewellery Emporium.
 16781 | D:11     | Noticed a two-headed ogre
 16789 | D:11     | Noticed a boulder beetle
 16795 | D:11     | Killed a two-headed ogre
 16813 | D:11     | Killed a boulder beetle
 17030 | D:11     | Noticed a two-headed ogre
 17034 | D:11     | Noticed a red ugly thing
 17038 | D:11     | Killed a two-headed ogre
 17039 | D:11     | Reached skill level 11 in Necromancy
 17043 | D:11     | Killed a red ugly thing
 17217 | D:11     | Noticed a two-headed ogre
 17224 | D:11     | Killed a two-headed ogre
 17225 | D:11     | Reached XP level 12. HP: 95/95 MP: 14/25
 17290 | D:11     | Identified the +3 ring mail of the Depths {+Inv rElec
                  | Int+3}
 17729 | Orc:1    | Entered Level 1 of the Orcish Mines
 17744 | Orc:1    | Reached skill level 1 in Evocations
 17881 | Orc:1    | Noticed an ettin
 17891 | Orc:1    | Killed an ettin
 18209 | Orc:1    | Found Luonoh's Book Boutique.
 18213 | Orc:1    | Bought a book of the Wilderness for 608 gold pieces
 18315 | Orc:2    | Entered Level 2 of the Orcish Mines
 18327 | Orc:2    | Reached ***** piety under Kikubaaqudgha
 18545 | Orc:2    | Noticed a two-headed ogre
 18692 | Orc:2    | Killed a two-headed ogre
 18815 | Orc:2    | Noticed a two-headed ogre
 18822 | Orc:2    | Killed a two-headed ogre
 19393 | Orc:2    | Noticed a two-headed ogre
 19401 | Orc:2    | Killed a two-headed ogre
 19547 | Orc:2    | Found Ometekud's Antique Armour Boutique.
 19690 | Orc:2    | Found Tuut's Antique Armour Shop.
 19940 | Orc:2    | Noticed an ogre mage
 19950 | Orc:2    | Killed an ogre mage
 20080 | Orc:2    | Reached skill level 10 in Fighting
 20247 | Orc:2    | Noticed a two-headed ogre
 20251 | Orc:2    | Killed a two-headed ogre
 20252 | Orc:2    | Reached skill level 5 in Evocations
 20900 | Orc:2    | Noticed a two-headed ogre
 20902 | Orc:2    | Killed a two-headed ogre
 20903 | Orc:2    | Reached skill level 12 in Necromancy
 21068 | Orc:2    | Reached XP level 13. HP: 77/103 MP: 1/26
 21070 | Orc:2    | Noticed an orc warlord
 21436 | Orc:2    | Killed an orc warlord
 21437 | Orc:2    | Reached skill level 10 in Spellcasting
 21806 | Orc:2    | Learned a level 6 spell: Summon Cactus Giant
 21820 | Orc:2    | Reached skill level 10 in Dodging
 22171 | Orc:2    | Found Ziduz's Magic Scroll Emporium.
 22179 | Orc:2    | Bought a scroll of fear for 60 gold pieces
 22205 | Orc:2    | Found Biul Yla's General Store.
 22380 | Orc:2    | Reached ****** piety under Kikubaaqudgha
 22670 | Orc:2    | Found a staircase to the Elven Halls.
 22796 | Orc:2    | Bought a runed hat for 217 gold pieces
 22827 | Orc:1    | Found Jebboab's Self-Improvement Boutique.
 23351 | Lair:1   | Entered Level 1 of the Lair of Beasts
 23505 | Lair:1   | Received a gift from Kikubaaqudgha
 23543 | Lair:1   | Reached skill level 13 in Necromancy
 24698 | Lair:2   | Found a hole to the Spider Nest.
 24905 | Lair:2   | Found a runed translucent gate.
 24905 | Lair:2   | Found a runed translucent gate.
 24905 | Lair:2   | Found a runed translucent gate.
 24907 | Lair:2   | Noticed p0werm0de's ghost (journeyman OpMo)
 25464 | Lair:2   | Identified the amulet "Okhor" {RegenMP Int+3 Stlth+}
 25512 | Lair:2   | Found a stormy altar of Qazlal.
 25832 | Lair:2   | Reached skill level 14 in Necromancy
 25875 | Lair:2   | Identified the +2 leather armour of Brilliance {rF+++ rC+
                  | Will+ Dex-2}
 26447 | Lair:3   | Identified the +14 plate armour "Pauq" {rC+ rCorr}
 26449 | Lair:3   | Found a staircase to the Shoals.
 26617 | Lair:3   | Noticed Prince Ribbit
 26628 | Lair:3   | Killed Prince Ribbit
 26634 | Lair:3   | Reached skill level 10 in Summonings
 26740 | Lair:3   | Reached XP level 14. HP: 87/110 MP: 12/28
 26913 | Lair:3   | Identified the +6 long sword of Afruank {vorpal, rN+}
 27601 | Lair:4   | Noticed Kirke
 27618 | Lair:4   | Killed Kirke
 27672 | Lair:4   | Reached skill level 15 in Necromancy
 27700 | Lair:4   | Found a gate leading to a gauntlet.
 27801 | Lair:4   | Identified the ring of Coukhad {rPois rC+ Int+2}
 27931 | Gauntlet | Entered a Gauntlet
 27931 | Gauntlet | Found a transporter.
 27931 | Gauntlet | Found a transporter.
 27949 | Gauntlet | Found a transporter.
 27953 | Gauntlet | Found a transporter.
 27961 | Gauntlet | Found a transporter.
 27965 | Gauntlet | Found a transporter.
 27974 | Gauntlet | Found a transporter.
 27990 | Gauntlet | Found a transporter.
 28004 | Gauntlet | Found a transporter.
 28008 | Gauntlet | Found a transporter.
 28016 | Gauntlet | Found a transporter.
 28020 | Gauntlet | Found a transporter.
 28221 | Gauntlet | Reached skill level 16 in Necromancy
 28226 | Gauntlet | Identified the +0 hat "Nafusaluo" {rElec rF+ Will+++ Str-2}
 28279 | Gauntlet | Identified the +6 broad axe "Yhiodel" {vorpal, rElec Will+}
 28279 | Gauntlet | Identified the +0 buckler "Uczin" {rF++ Str+2}
 28740 | Lair:4   | Found a runed translucent door.
 28740 | Lair:4   | Found a viscous altar of Jiyva.
 28741 | Lair:4   | Found a staircase to the Slime Pits.
 28945 | Lair:5   | Entered Level 5 of the Lair of Beasts
 29241 | Lair:5   | Reached skill level 17 in Necromancy
 29592 | Lair:5   | Gained mutation: Your movements are significantly less
                  | encumbered by armour. (ER -6) [demonic ancestry]
 29592 | Lair:5   | Reached XP level 15. HP: 108/115 MP: 23/29
 29765 | Lair:5   | Identified the +9 chain mail of the Marlin {Fly rPois
                  | Str+4}
 29776 | Lair:5   | Found a runed translucent door.
 32549 | D:13     | Reached skill level 18 in Necromancy
 33206 | D:13     | Noticed Azrael
 33213 | D:13     | Killed Azrael
 33481 | D:13     | Found a gate to the Vaults.
 33781 | D:14     | Found a transporter.
 33807 | D:14     | Found a transporter.
 33842 | D:14     | Found a transporter.
 33878 | D:14     | Found a transporter.
 34053 | D:14     | Reached skill level 5 in Hexes
 34274 | D:15     | Entered Level 15 of the Dungeon
 34618 | D:15     | Got Zassuile's Lessons on the Geologist
 34621 | D:15     | Found Sanulul's Armour Shoppe.
 34697 | D:15     | Found a staircase to the Depths.
 34860 | D:15     | Found an iron altar of Okawaru.
 35273 | Shoals:1 | Entered Level 1 of the Shoals
 36356 | Shoals:2 | Found a transporter.
 36358 | Shoals:2 | Found a transporter.
 36434 | Shoals:2 | Noticed MisterFreud's ghost (journeyman FeBe)
 36677 | Shoals:2 | Gained mutation: You have a sharp stinger which inflicts
                  | weakening toxins. [demonic ancestry]
 36677 | Shoals:2 | Reached XP level 16. HP: 121/124 MP: 32/32
 36998 | Shoals:3 | Learned a level 7 spell: Haunt
 37930 | Shoals:4 | Entered Level 4 of the Shoals
 39100 | Shoals:4 | Reached skill level 15 in Spellcasting
 39540 | Shoals:4 | Noticed a sphinx
 39543 | Shoals:4 | Killed a sphinx
 39623 | Shoals:4 | Noticed a sphinx
 39628 | Shoals:4 | Killed a sphinx
 39738 | Shoals:4 | Got a barnacled rune of Zot
 39739 | Shoals:4 | Identified the +1 plate armour of the Endless Expanse
                  | {rPois Slay+2}
 39741 | Shoals:4 | Identified the +10 shortbow "Pireir" {vorpal, Fly SInv}
 41873 | Shoals:1 | Noticed Josephine
 41882 | Shoals:1 | Gained mutation: You sometimes gain a little power by
                  | taking damage. [demonic ancestry]
 41882 | Shoals:1 | Reached XP level 17. HP: 133/133 MP: 31/36
 41897 | Shoals:1 | Killed Josephine
 41901 | Shoals:1 | Found Foplaykk's Antique Armour Shop.
 42389 | Spider:1 | Entered Level 1 of the Spider Nest
 42443 | Spider:1 | Learned a level 8 spell: Ignition
 42599 | Spider:1 | Reached skill level 1 in Fire Magic
 42916 | Spider:1 | Noticed Louise
 42929 | Spider:1 | Killed Louise
 44841 | Spider:3 | Reached skill level 5 in Fire Magic
 45014 | Spider:3 | Identified the +0 pair of boots "Wuen" {Will+ Int+2 Dex-4}
 45150 | Spider:3 | Found a hide-covered altar of Uskayaw.
 45332 | Spider:4 | Entered Level 4 of the Spider Nest
 45717 | Spider:4 | Noticed Arachne
 45723 | Spider:4 | Reached skill level 1 in Shields
 45724 | Spider:4 | Killed Arachne
 45815 | Spider:4 | Identified Roxanne's Collected Works on Clay
 45815 | Spider:4 | Noticed Roxanne
 45823 | Spider:4 | Killed Roxanne
 46222 | Spider:4 | Reached XP level 18. HP: 125/144 MP: 22/37
 47181 | Spider:4 | Identified the +4 hat of Too Many Cooks {rPois Str+4 Dex+2}
 47208 | Spider:4 | Got a gossamer rune of Zot
 47611 | Vaults:1 | Entered Level 1 of the Vaults
 47925 | Vaults:1 | Reached skill level 5 in Shields
 47977 | Vaults:1 | Found a runed translucent gate.
 47977 | Vaults:1 | Found a runed translucent gate.
 47977 | Vaults:1 | Found a runed translucent gate.
 47979 | Vaults:1 | Noticed MisterFreud's ghost (journeyman FeBe)
 47990 | Vaults:1 | Killed MisterFreud's ghost
 49189 | Vaults:2 | Reached skill level 10 in Fire Magic
 49189 | Vaults:2 | Reached XP level 19. HP: 152/152 MP: 31/38
 49320 | Vaults:2 | Found a staircase to the Crypt.
 49320 | Vaults:2 | Found a basalt altar of Yredelemnul.
 49320 | Vaults:2 | Found an ancient bone altar of Kikubaaqudgha.
 50146 | Vaults:2 | Gained mutation: You sometimes gain power by taking damage.
                  | [demonic ancestry]
 50146 | Vaults:2 | Reached XP level 20. HP: 160/160 MP: 17/39
 51400 | Vaults:2 | Identified the amulet of Qerunt {Reflect -Tele rElec Dex+3
                  | SH+5}
 52023 | Vaults:2 | Reached skill level 15 in Fighting
 52040 | Vaults:2 | Identified the +7 triple sword "Suecubak" {pain, rF+ rC+
                  | rN+ Dex+2}
 52338 | Vaults:3 | Identified the +6 arbalest "Yxtah" {venom, Str+2}
 54026 | Vaults:3 | Reached skill level 15 in Dodging
 54623 | Vaults:3 | Found Gagir's Assorted Antiques.
 55386 | Vaults:4 | Gained mutation: You are powered by pain. [demonic
                  | ancestry]
 55386 | Vaults:4 | Reached XP level 21. HP: 164/168 MP: 37/40
 55387 | Vaults:4 | Reached skill level 15 in Fire Magic
 56434 | Vaults:4 | HP: 4/168 [ironbound frostheart/creeping frost (47)]
 56435 | Vaults:4 | Mangled by an ironbound frostheart

Illustrated notes

Levels and vault maps discovered:
D:1:      lightli_arrival_lavapool, layout_basic, serial_shops, shop_fountains,
          shop, nicolae_shop_trees,
          hellmonk_ecumenical_altar_pennies_from_heaven
D:2:      layout_loops_ring, minmay_hexomino_c4
D:3:      layout_basic, mainiacjoe_overflow_surrounded_room,
          mainiacjoe_overflow_big_doors, serial_shops, shop,
          kennysheep_generic_room_6
D:4:      layout_layer_cave, uniq_duvessa
D:5:      layout_loops_ring, jmf_multi_god_temple2, temple_statues,
          serial_shops, shop
D:6:      layout_cave_pods, nemelex_spade_bored_becter, chequers_jeans,
          nicolae_shop_fire_sale [nicolae_sub_dead_trees],
          hellmonk_bongcloud_opening, item_on_display_a, uniq_menkaure
D:7:      layout_cave_pools, xom_shifter_show, serial_undead, serial_undead_c,
          serial_undead_a, serial_undead_f, serial_undead_a
D:8:      minmay_cut_squares, layout_basic, mainiacjoe_overflow_paths
D:9:      layout_roguey, minitemple, due_lair_maze_entry_diamond, serial_shops,
          shop, introduction_to_nature_1
D:10:     kennysheep_kobold_lugonu_temple, layout_loops_ring,
          mainiacjoe_overflow_cross_hatched, hiddenorc2_lemuel, serial_shops,
          shop, enter_bailey_2
D:11:     layout_gridville, serial_shops, nicolae_shop_advertising_works
          [nicolae_subvault_shop_adworks]
D:12:     layout_basic, serial_co_window_serial, co_window_paths_a,
          co_window_paths_a, co_window_corner_a, co_window_corner_a,
          co_window_paths_a, co_window_corner_a, co_window_corner_a,
          co_window_cross_1, co_window_paths_a, co_window_of_opportunity_b,
          co_window_corner_ca, co_window_unsneaky_path_a, co_window_cross_3,
          co_window_unsneaky_path_b, co_window_unsneaky_path_e,
          co_window_unsneaky_path_d, glass_columns_b
D:13:     layout_basic, david_vaults_4, uniq_azrael
D:14:     layout_small_grid, hangedman_glass_teeth,
          nicolae_transporter_intersection
D:15:     hangedman_depths_entry_civil_slaughter, layout_long_grid,
          lemuel_coloured_pillars_altar, serial_shops, nicolae_shop_behind_doors
Temple:   hellmonk_temple_forest_ring
Lair:1:   layout_cave_pods, beast_lair_carwin_1
Lair:2:   layout_layer_cave, spider_nest_entry_a, basic_altar,
          gammafunk_ghost_hydra_chop, lemuel_fruit_fields, grunt_megastairs_2,
          infiniplex_staircase_pool_2
Lair:3:   statuecave_lemuel, layout_chaotic_city, minmay_shoals_entry_beasts,
          lemuel_fruit_fields, infiniplex_staircase_pool, uniq_prince_ribbit2
Lair:4:   layout_hall_layers, slime_entry_2, gauntlet_entry_generic,
          serial_bayou_pond_b, uniq_kirke
Lair:5:   guppyfry_lair_end_dragon, layout_misc_corridors, wormcave,
          lemuel_fruit_fields
Shoals:1: layout_shoals, serial_shops, shop, uniq_josephine
Shoals:2: layout_shoals, ebering_ghost_davey_jones
Shoals:3: layout_shoals, nicolae_shoals_nymph_descending_staircase
Shoals:4: shoals_end_hellmonk_lost_city, serial_shops
Spider:1: layout_spider_delve, uniq_louise
Spider:2: layout_cave_pods
Spider:3: nicolae_spider_mines_2, nicolae_spider_altar_of_dancing
Spider:4: spider_rune_water, uniq_roxanne, uniq_arachne
Orc:1:    layout_diamond_mine, serial_shops, shop, nicolae_shop_self_help
Orc:2:    pubby_orc_utopia
Vaults:1: gammafunk_ghost_spectres, grunt_vaults_hallway_short,
          nicolae_vaults_meeting, vaults_dpeg_ring,
          nicolae_vaults_network_quinsquares
          [nicolae_vaults_network_quincunx_subvault,
          nicolae_vaults_network_quincunx_subvault,
          nicolae_vaults_network_quincunx_subvault,
          nicolae_vaults_network_quincunx_subvault],
          nicolae_vaults_three_branches, vaults_room_hallway,
          vaults_room_door_hall, layout_vaults_omnigrid
Vaults:2: ontoclasm_vaults_ring_square, v_misc_12,
          minmay_crypt_entry_necro_gods, ontoclasm_vaults_ring_small,
          ontoclasm_vaults_idyll, v_pattern_2, st_greater_box_4,
          hangedman_vaults_hat, vaults_room_octagon, v_alt_pattern_1,
          hangedman_vaults_stitches, hangedman_vaults_snaps,
          ontoclasm_vaults_pinch, layout_vaults_omnibox
Vaults:3: nicolae_vaults_angled_halls, v_rooms_4, v_misc_9,
          vaults_room_large_hall, v_misc_18, v_misc_31, v_misc_9,
          nicolae_vaults_murderbox, vaults_room_octagon,
          nicolae_vaults_yaktaur_gun_rack, nicolae_vaults_shelves_hall,
          layout_vaults_ring, serial_shops, nicolae_shop_overgrown_old_shop
Vaults:4: grunt_vaults_trifunnel, nicolae_vaults_twisting_passages, v_misc_8,
          ontoclasm_vaults_spin, vaults_room_octagon,
          nicolae_vaults_network_square, v_misc_23, v_misc_24, v_misc_29,
          hangedman_vaults_cutoff, nicolae_vaults_little_squares_2,
          serial_ice_g, nicolae_vaults_little_squares_3,
          nicolae_vaults_angled_halls, vaults_dpeg_encased_lava,
          vaults_room_pool, layout_vaults_big_cross

Skill      XL: |  1  2  3  4  5  6  7  8  9 10 11 12 13 14 15 16 17 18 19 20 21 |
---------------+----------------------------------------------------------------+-----
Dodging        | 2 3 4 5 6 7 8 9 10 11 12 13 15 | 15.0
Stealth        | 2 3 |  3.0
Fighting       | 1 2 3 4 5 6 7 9 10 11 13 14 15 | 15.0
Necromancy     | 5 6 7 8 9 11 12 14 17 18 | 18.0
Spellcasting   | 3 4 5 6 7 9 10 12 15 | 15.0
Summonings     | 1 3 5 6 10 12 | 12.0
Hexes          | 2 5 |  5.0
Evocations     | 5 |  5.0
Fire Magic     | 6 10 11 14 16 | 16.1
Shields        | 2 5 |  5.0

Action                   |  1- 3 |  4- 6 |  7- 9 | 10-12 | 13-15 | 16-18 | 19-21 || total
-------------------------+-------+-------+-------+-------+-------+-------+-------++-------
Melee: Unarmed           |     7 |       |       |       |       |       |       ||     7
       Dagger            |    28 |    31 |       |       |       |       |       ||    59
       Tailslap          |     3 |    14 |    54 |    69 |    80 |    26 |    22 ||   268
       Rapier            |       |    56 |   286 |   359 |   227 |       |       ||   928
       Punch             |       |       |     5 |     4 |     3 |       |       ||    12
       Scimitar          |       |       |       |       |   114 |   148 |   109 ||   371
 Cast: Necrotise         |    38 |    50 |     5 |       |       |       |       ||    93
       Vampiric Draining |       |     4 |    18 |    53 |    66 |    25 |    12 ||   178
       Animate Dead      |       |     3 |    18 |    15 |    21 |    15 |     8 ||    80
       Call Canine Famil |       |       |    31 |    38 |    15 |     1 |       ||    85
       Anguish           |       |       |    12 |    85 |    97 |   124 |    55 ||   373
       Borgnjor's Vile C |       |       |       |    28 |    69 |    37 |    68 ||   202
       Death Channel     |       |       |       |    11 |    33 |    29 |    20 ||    93
       Summon Cactus Gia |       |       |       |       |    48 |    33 |    22 ||   103
       Haunt             |       |       |       |       |       |   127 |    48 ||   175
       Ignition          |       |       |       |       |       |       |     4 ||     4
Invok: Unearth Wretches  |       |       |       |     1 |       |       |       ||     1
       Receive Forbidden |       |       |       |       |     1 |       |       ||     1
 Abil: Evoke Blink       |       |       |       |     1 |     1 |       |     2 ||     4
Evoke: Wand              |       |       |     1 |     5 |     7 |     2 |       ||    15
       Condenser vane    |       |       |       |     1 |       |     1 |       ||     2
       Phial of floods   |       |       |       |     1 |       |       |       ||     1
       Phantom mirror    |       |       |       |       |       |     1 |       ||     1
  Use: Scroll            |       |       |    12 |    11 |    13 |     6 |     2 ||    44
       Potion            |       |       |     3 |     4 |     6 |     5 |     3 ||    21
 Stab: Sleeping          |     3 |     6 |     4 |     8 |    13 |       |     3 ||    37
       Distracted        |       |     1 |     3 |     6 |     5 |     2 |     2 ||    19
       Paralysed         |       |       |       |     1 |       |       |       ||     1
Armor: Leather armour    |    10 |    35 |   141 |   186 |   161 |    85 |    46 ||   664
       Skin              |       |       |     5 |       |       |       |       ||     5
Dodge: Dodged            |    30 |    58 |   291 |   516 |   504 |   239 |   142 ||  1780
Block: Buckler           |       |       |       |       |    49 |    60 |    47 ||   156
